 Dungeon Crawl Stone Soup version 0.27-a0-1332-g84bddb5ca7 (webtiles) character file.

Game seed: 17130296236906946159

505 pokeman the Magician (level 6, -4/34 HPs)
             Began as a Deep Elf Hedge Wizard on June 25, 2021.
             Killed from afar by a white imp (8 damage)
             ... with a puff of frost
             ... on level 5 of the Dungeon.
             The game lasted 00:08:25 (4558 turns).

pokeman the Magician (Deep Elf Hedge Wizard)        Turns: 4558, Time: 00:08:26

Health: -4/34      AC:  6    Str: 13    XL:     6   Next: 96%
Magic:  11/18      EV: 12    Int: 21    God:
Gold:   135        SH:  0    Dex: 14    Spells: 9/20 levels left

rFire    . . .     SeeInvis .   o - +2 dagger (venom)
rCold    . . .     Faith    .   (no shield)
rNeg     . . .     Spirit   .   v - +0 leather armour
rPois    .         Reflect  .   y - +0 helmet
rElec    .         Harm     .   z - +0 cloak
rCorr    .         Rampage  .   d - +0 pair of gloves
Will     .....                  (no boots)
Stlth    ++........             A - amulet of the acrobat
HPRegen  0.11/turn              l - +6 ring of strength
MPRegen  0.16/turn              w - +4 ring of slaying

@: no status effects
A: no striking features
a: no special abilities


You were on level 5 of the Dungeon.
You visited 1 branch of the dungeon, and saw 5 of its levels.

You collected 135 gold pieces.

Inventory:

Hand Weapons
 i - a +1 hand axe of electrocution
 o - a +2 dagger of venom (weapon)
Missiles
 g - 8 atropa-tipped darts
 h - 63 bolts
 j - 44 arrows
Armour
 d - a +0 pair of gloves (worn)
 v - a +0 leather armour (worn)
 y - a +0 helmet (worn)
 z - a +0 cloak (worn)
Magical Staves
 u - a staff of death
Jewellery
 b - a ring of resist corrosion
 l - a +6 ring of strength (left hand)
 w - a +4 ring of slaying (right hand)
 A - an amulet of the acrobat (around neck)
Wands
 m - a wand of polymorph (8)
Scrolls
 c - a scroll of fear {unknown}
 e - 2 scrolls of teleportation {unknown}
 f - 5 scrolls of identify {unknown}
 p - a scroll of enchant armour {unknown}
 r - a scroll of noise {unknown}
Potions
 a - a potion of flight {unknown}
 k - a potion of mutation {unknown}
 n - 2 potions of degeneration {unknown}
 q - a potion of berserk rage {unknown}
 s - a potion of brilliance {unknown}
 t - 4 potions of attraction {unknown}
 x - a potion of heal wounds {unknown}


   Skills:
 + Level 1.4 Fighting
 - Level 1.0 Armour
 - Level 3.0 Dodging
 - Level 3.2 Stealth
 * Level 7.5 Spellcasting
 + Level 3.5 Conjurations
 - Level 1.1 Summonings
 - Level 1.1 Translocations
 + Level 1.5 Fire Magic
 - Level 1.2 Air Magic
 - Level 1.0 Poison Magic
 - Level 1.0 Evocations


You had 9 spell levels left.
You knew the following spells:

 Your Spells              Type           Power      Damage    Failure   Level
a - Magic Dart            Conj           88%        1d7       2%          1
b - Mephitic Cloud        Conj/Pois/Air  16%        N/A       14%         3
c - Call Imp              Summ           12%        N/A       11%         2
d - Blink                 Tloc           N/A        N/A       11%         2
e - Conjure Flame         Conj/Fire      18%        6-21      12%         3

Your spell library contained the following spells:

 Spells                   Type           Power      Damage    Failure   Level
 Slow                     Hex            7%         N/A       16%         2
 Gell's Gravitas          Tloc           6%         N/A       21%         3
 Confusing Touch          Hex            7%         N/A       32%         3
 Petrify                  Tmut/Erth      7%         N/A       71%         4
 Metabolic Englaciation   Hex/Ice        3%         N/A       96%         5
 Yara's Violent Unravell  Hex/Tmut       3%         3d4       96%         5


Dungeon Overview and Level Annotations

Branches:
Dungeon (5/15)
 Temple: D:4-7

Altars:
Nemelex Xobeh
Qazlal
Sif Muna

Shops:
D:1 (

Annotations:
D:4 Books behind rock


Message History

Aim: a white imp (wandering, hasn't noticed you, 100% to hit)
The magic dart hits the white imp but does no damage.
The white imp shouts, "Scamper hence, thou lumpish moldwarp ratsbane!"
Casting: Magic Dart (safe; 2% risk of failure)
Confirm with . or Enter, or press ? or * to list all spells.
You can't see any susceptible monsters within range! (Use Z to cast anyway.) Unknown command.
Casting: Magic Dart (safe; 2% risk of failure)
Confirm with . or Enter, or press ? or * to list all spells.
You can't see any susceptible monsters within range! (Use Z to cast anyway.) Unknown command.
A white imp is nearby!
Casting: Magic Dart (safe; 2% risk of failure)
Confirm with . or Enter, or press ? or * to list all spells.
Aiming: Magic Dart (safe; 2% risk of failure)
Press: ? - help, Shift-Dir - straight line, f/p - white imp
Aim: a white imp (100% to hit)
The magic dart hits the white imp.
The white imp is lightly wounded.
The white imp gestures at you. The puff of frost hits you!
* * * LOW HITPOINT WARNING * * *
Casting: Magic Dart (safe; 2% risk of failure)
Confirm with . or Enter, or press ? or * to list all spells.
Aiming: Magic Dart (safe; 2% risk of failure)
Press: ? - help, Shift-Dir - straight line, f/p - white imp
Aim: a white imp (lightly wounded, 100% to hit)
The magic dart hits the white imp.
The white imp is heavily wounded.
The white imp barely misses you.
Casting: Magic Dart (safe; 2% risk of failure)
Confirm with . or Enter, or press ? or * to list all spells.
Aiming: Magic Dart (safe; 2% risk of failure)
Press: ? - help, Shift-Dir - straight line, f/p - white imp
Aim: a white imp (heavily wounded, 100% to hit)
The magic dart hits the white imp but does no damage.
The white imp is heavily wounded.
The white imp gestures at you. The puff of frost hits you!
You die...

### .. # #.
#..#5####
#....@).#
#.#####.#
#.# #.###
#.# #..[#
#.# #.#.#
#.#####.#.#
#......>#.#
##.##.####.#
##...#.## .#


You could see a white imp.

Vanquished Creatures
  An ogre (D:5)
  A kobold brigand (D:4)
  2 hounds
  Jessica (D:3)
  Natasha (thrice) (D:2)
  An iguana (D:5)
  An orc wizard (D:4)
  5 adders
  An ufetubus (D:4)
  6 dart slugs
  3 orcs
  6 endoplasms
  3 giant cockroaches
  6 goblins
  5 hobgoblins (D:1)
  10 jackals
  A quokka (D:1)
  5 ball pythons
  6 bats
  A frilled lizard (D:1)
  8 kobolds
  5 rats
81 creatures vanquished.

Vanquished Creatures (others)
  A plant (D:5)
1 creature vanquished.

Grand Total: 82 creatures vanquished

Notes
Turn   | Place    | Note
-------+----------+-------------------------------------------
     0 | D:1      | pokeman the Deep Elf Hedge Wizard began the quest for the
                  | Orb.
     0 | D:1      | Reached XP level 1. HP: 10/10 MP: 7/7
   307 | D:1      | Reached XP level 2. HP: 6/16 MP: 2/9
   786 | D:1      | Reached skill level 5 in Spellcasting
   946 | D:1      | Found Labykaom's Antique Weapon Boutique.
  1008 | D:1      | Reached XP level 3. HP: 20/20 MP: 8/11
  1012 | D:1      | Learned a level 3 spell: Mephitic Cloud
  1015 | D:1      | Learned a level 2 spell: Call Imp
  1018 | D:1      | Learned a level 2 spell: Blink
  1022 | D:1      | Learned a level 3 spell: Conjure Flame
  1352 | D:2      | Reached skill level 1 in Armour
  1535 | D:2      | Noticed Natasha
  1542 | D:2      | Killed Natasha
  1543 | D:2      | Reached skill level 1 in Fighting
  1543 | D:2      | Reached XP level 4. HP: 16/25 MP: 8/13
  1751 | D:2      | Noticed Natasha
  1759 | D:2      | Killed Natasha
  1799 | D:2      | Noticed Natasha
  1817 | D:2      | Killed Natasha
  1944 | D:2      | Reached skill level 1 in Fire Magic
  2079 | D:2      | Reached XP level 5. HP: 29/29 MP: 12/15
  2082 | D:2      | Reached skill level 6 in Spellcasting
  2249 | D:3      | Noticed Jessica
  2254 | D:3      | Killed Jessica
  2429 | D:3      | Found a sparkling altar of Nemelex Xobeh.
  3386 | D:3      | Found a stormy altar of Qazlal.
  3700 | D:4      | Reached skill level 1 in Air Magic
  3700 | D:4      | Reached XP level 6. HP: 19/34 MP: 11/17
  3970 | D:4      | Found a shimmering blue altar of Sif Muna.
  4139 | D:4      | Reached skill level 7 in Spellcasting
  4397 | D:5      | Entered Level 5 of the Dungeon
  4420 | D:5      | Reached skill level 1 in Evocations
  4422 | D:5      | Reached skill level 1 in Poison Magic
  4558 | D:5      | Killed from afar by a white imp

Illustrated notes

Levels and vault maps discovered:
D:1:      roderic_crossed_star, layout_rooms, serial_shops, shop
D:2:      layout_rooms, uniq_natasha
D:3:      layout_basic, lemuel_round_altar, marbit_many_paths,
          nrook_mini_backslash, grunt_ministairs_14, uniq_jessica
D:4:      layout_rooms, nicolae_sif_muna_little_library
D:5:      layout_loops_ring, grunt_temple_overflow_holy_war, zin_treasury,
          minmay_temple_entry_nine_rooms, serial_shops,
          nicolae_shop_overgrown_old_shop

Skill      XL: |  1  2  3  4  5  6 |
---------------+-------------------+-----
Spellcasting   | 5 6 7 |  7.5
Armour         | 1 |  1.0
Fighting       | 1 |  1.4
Conjurations   | 2 3 |  3.5
Dodging        | 3 |  3.0
Fire Magic     | 1 |  1.5
Stealth        | 3 |  3.2
Air Magic      | 1 |  1.2
Evocations     | 1 |  1.0
Poison Magic   | 1 |  1.0
Summonings     | |  1.1
Translocations | |  1.1

Action                   |  1- 3 |  4- 6 || total
-------------------------+-------+-------++-------
Melee: Dagger            |    11 |    34 ||    45
       Whip              |     7 |    12 ||    19
 Cast: Magic Dart        |    85 |   108 ||   193
       Mephitic Cloud    |     1 |     8 ||     9
 Stab: Confused          |     1 |     2 ||     3
Armor: Robe              |     7 |     5 ||    12
       Leather armour    |       |     2 ||     2
Dodge: Dodged            |    35 |    33 ||    68

Table legend: (Time is in decaauts)
 A = Elapsed time spent in this place.
 B = Non-inter-level travel time spent in this place.
 C = Inter-level travel time spent in this place.
 D = Time resting spent in this place.
 E = Time spent auto-exploring this place.
 F = Levels seen in this place.
 G = Mean time per level.
                   A        B        C        D        E       F      G
               +--------+--------+--------+--------+--------+-----+--------+
         Total |   4562 |   4475 |     87 |    220 |   3701 |   5 |  912.4 |
       Dungeon |   4562 |   4475 |     87 |    220 |   3701 |   5 |  912.4 |
               +--------+--------+--------+--------+--------+-----+--------+

Top non-repeatable levels by time:
     D:3: 1429 daAuts
     D:1: 1336 daAuts
     D:2: 899 daAuts
     D:4: 736 daAuts
     D:5: 160 daAuts
